 Dungeon Crawl Stone Soup version 0.27.1-4-g1640c2035a (webtiles) character file.

Game seed: 8339821792975822967

262073 Elvor the Warrior (level 19, -9/226 HPs)
             Began as a Green Draconian Conjurer on Nov 3, 2021.
             Was the Champion of the Shining One.
             Mangled by a deep troll (10 damage)
             ... led by an ironbound preserver
             ... on level 1 of the Vaults on Nov 4, 2021.
             The game lasted 07:49:09 (34259 turns).

Elvor the Warrior (Green Draconian Conjurer)       Turns: 34259, Time: 07:49:10

Health: -9/226     AC: 33    Str: 17    XL:     19   Next: 21%
Magic:  11/38      EV: 18    Int: 38    God:    the Shining One [******]
Gold:   1070       SH:  5    Dex:  7    Spells: 6/48 levels left

rFire    + . .     SeeInvis .   D - +3 scimitar (flame)
rCold    . . .     Faith    .   j - +0 buckler {AC+3}
rNeg     + + +     Spirit   .   (armour unavailable)
rPois    ∞         Reflect  .   (helmet restricted)
rElec    +         Harm     .   P - +1 cloak of Starlight {*Dazzle EV+4 Stlth--}
rCorr    .         Rampage  .   (gloves currently unavailable)
Will     +....                  (boots currently unavailable)
Stlth    +.........             e - amulet of magic regeneration
HPRegen  0.47/turn              E - +6 ring of intelligence
MPRegen  0.51/turn              b - ring of Xom's Entertainment {rF+ Str+6 Int+7 Dex-3 Stlth+}

@: statue-form, marked, glowing, very slow
A: slow and powerful, torment resistance 1, boosted hp, (breathe noxious fumes),
AC +10, unfitting armour, stinger 1, poison resistance, cold-blooded
}: 2/15 runes: decaying, gossamer
a: End Transformation, Renounce Religion, Divine Shield, Cleansing Flame, Summon
Divine Warrior, Brand Weapon With Holy Wrath


You were on level 1 of the Vaults.
You worshipped the Shining One.
The Shining One was exalted by your worship.
You were a living statue of rough stone.
You visited 7 branches of the dungeon, and saw 33 of its levels.
You also visited: Ossuary and Ice Cave.

You collected 3711 gold pieces.
You spent 2641 gold pieces at shops.

Inventory:

Hand Weapons
 D - a +3 scimitar of flaming (weapon)
Missiles
 f - 1081 stones
 p - 129 poisoned darts
 C - 2 curare-tipped darts
Armour
 a - the +1 pair of boots of the Boiling Point (melded) {rN+ Str+4 Stlth+}
   (You bought it in a shop on level 2 of the Orcish Mines)

   Str:       It affects your strength (+4).
   rN:        It protects you from negative energy.
   Stlth:     It makes you more stealthy.
 j - a +0 buckler of protection (worn)
 k - a +2 pair of gloves of archery (melded)
 J - a scarf of resistance
 P - the +1 cloak of Starlight (worn) {*Dazzle EV+4 Stlth--}
   (You found it on level 11 of the Dungeon)

   It may blind those who miss an attack against the wearer in melee combat.
   EV:        It affects your evasion (+4).
   Stlth:     It makes you much less stealthy.
Magical Staves
 y - a staff of earth
Jewellery
 b - the ring of Xom's Entertainment (right fist) {rF+ Str+6 Int+7 Dex-3 Stlth+}
   (You bought it in a shop on level 2 of the Orcish Mines)

   [ring of strength]

   Str:       It affects your strength (+6).
   Int:       It affects your intelligence (+7).
   Dex:       It affects your dexterity (-3).
   rF:        It protects you from fire.
   Stlth:     It makes you more stealthy.
 e - an amulet of magic regeneration (around neck)
 E - a +6 ring of intelligence (left fist)
Wands
 d - a wand of digging (13)
 t - a wand of charming (33)
 A - a wand of acid (6)
 I - a wand of paralysis (10)
 M - a wand of polymorph (18)
 N - a wand of flame (20)
Scrolls
 g - a scroll of fear
 h - 4 scrolls of blinking
 i - 5 scrolls of vulnerability
 l - 5 scrolls of fog
 r - a scroll of summoning
 x - 6 scrolls of immolation
 G - 14 scrolls of teleportation
 H - a scroll of silence
 K - a scroll of magic mapping
Potions
 c - 7 potions of curing
 m - 3 potions of magic
 o - 6 potions of lignification
 q - 5 potions of brilliance
 u - 2 potions of cancellation
 v - 3 potions of berserk rage
 z - a potion of ambrosia
 F - 3 potions of haste
 Q - 3 potions of might
 R - 3 potions of flight
 S - a potion of resistance
 W - 5 potions of heal wounds
Miscellaneous
 L - a phantom mirror (inert)
 T - a tin of tremorstones (inert)


   Skills:
 * Level 16.7 Fighting
 + Level 2.5(6.8) Short Blades
 + Level 9.9(10.1) Long Blades
 + Level 6.4 Throwing
 + Level 9.5 Dodging
 + Level 4.8 Stealth
 + Level 7.7 Shields
 + Level 15.0 Spellcasting
 + Level 15.2 Conjurations
 + Level 3.5 Translocations
 + Level 3.2 Transmutations
 + Level 1.9 Fire Magic
 + Level 2.9 Air Magic
 + Level 11.9 Earth Magic
 + Level 1.5 Invocations
 + Level 5.8 Evocations


You had 6 spell levels left.
You knew the following spells:

 Your Spells              Type           Power      Damage    Failure   Level
a - Magic Dart            Conj           100%       1d8       0%          1
b - Searing Ray           Conj           100%       3d7       0%          2
c - Iskenderun's Mystic   Conj/Tloc      79%        2d16      1%          4
d - Passwall              Tmut/Erth      60%        N/A       1%          2
e - Swiftness             Air            50%        N/A       1%          3
f - Stone Arrow           Conj/Erth      100%       3d13      0%          3
g - Iskenderun's Battles  Conj           97%        2d14      1%          5
h - Iron Shot             Conj/Erth      46%        9d9       1%          6
i - Lightning Bolt        Conj/Air       39%        1d57      1%          5
j - Fireball              Conj/Fire      38%        3d16      1%          5
k - Statue Form           Tmut/Erth      48%        N/A       9%          6

Your spell library contained the following spells:

 Spells                   Type           Power      Damage    Failure   Level
 Foxfire                  Conj/Fire      100%       2x1d9     1%          1
 Shock                    Conj/Air       100%       1d9       1%          1
 Ensorcelled Hibernation  Hex/Ice        56%        N/A       1%          2
 Static Discharge         Conj/Air       78%        N/A       1%          2
 Conjure Flame            Conj/Fire      76%        6-21      1%          3
 Dazzling Flash           Conj/Hex       100%       N/A       1%          3
 Gell's Gravitas          Tloc           27%        N/A       1%          3
 Lesser Beckoning         Tloc           27%        N/A       1%          3
 Portal Projectile        Hex/Tloc       84%        N/A       1%          3
 Spider Form              Tmut/Pois      20%        N/A       1%          3
 Teleport Other           Tloc           54%        N/A       1%          3
 Fulminant Prism          Conj/Hex       36%        3d18      1%          4
 Hailstorm                Conj/Ice       72%        3d15      1%          4
 Leda's Liquefaction      Hex/Erth       32%        N/A       1%          4
 Bolt of Magma            Conj/Fire/Erth 40%        4d17      1%          5
 Inner Flame              Hex/Fire       36%        N/A       2%          3
 Call Canine Familiar     Summ           28%        N/A       3%          3
 Frozen Ramparts          Ice            56%        1d7       3%          3
 Ozocubu's Armour         Ice            28%        N/A       3%          3
 Airstrike                Air            25%        N/A       3%          4
 Conjure Ball Lightning   Conj/Air       39%        3x3d13    4%          6
 Ice Form                 Ice/Tmut       41%        N/A       6%          4
 Summon Lightning Spire   Summ/Air       39%        N/A       7%          4
 Cause Fear               Hex            14%        N/A       12%         4
 Summon Ice Beast         Ice/Summ       28%        N/A       12%         4
 Summon Mana Viper        Hex/Summ       28%        N/A       32%         5
 Invisibility             Hex            14%        N/A       88%         6
 Shadow Creatures         Summ           N/A        N/A       88%         6
 Simulacrum               Ice/Necr       14%        N/A       88%         6
 Orb of Destruction       Conj           48%        9d15      1%          7
 Lehudib's Crystal Spear  Conj/Erth      46%        10d11     30%         8
 Dragon Form              Tmut           26%        N/A       95%         7
 Storm Form               Tmut/Air       25%        N/A       96%         7
 Monstrous Menagerie      Summ           14%        N/A       100%        7
 Ozocubu's Refrigeration  Ice            14%        4d7       100%        7
 Borgnjor's Revivificati  Necr           14%        N/A       100%        8
 Discord                  Hex            14%        N/A       100%        8
 Disjunction              Tloc           27%        N/A       100%        8
 Maxwell's Capacitive Co  Air            25%        ∞         100%        8
 Necromutation            Tmut/Necr      20%        N/A       100%        8
 Chain Lightning          Conj/Air       39%        3d52      100%        9
 Death's Door             Necr           14%        N/A       100%        9
 Dragon's Call            Summ           14%        N/A       100%        9
 Shatter                  Erth           43%        3d34*     100%        9
 Animate Armour           Summ/Erth      Unusable   N/A       N/A         4

Dungeon Overview and Level Annotations

Branches:
Dungeon (15/15)            Temple (1/1) D:7            Lair (6/6) D:10
  Swamp (4/4) Lair:3       Spider (4/4) Lair:2        Slime (0/5) Lair:5
    Orc (2/2) D:9             Elf (0/3) Orc:2        Vaults (1/5) D:14
 Depths (0/5) D:15        Ossuary (visited)           IceCv (visited)

Altars:
Ashenzari
Cheibriados
Dithmenos
Elyvilon
Fedhas
Gozag
Hepliaklqana
Kikubaaqudgha
Makhleb
Nemelex Xobeh
Okawaru
Qazlal
Ru
Sif Muna
Trog
Uskayaw
Vehumet
Wu Jian
Xom
Yredelemnul
Zin
The Shining One
Beogh

Shops:
D:5 :   D:9 [[??*   D:11 :   Orc:1 [[*[   Orc:2 (*=([

Portals:
Trove: D:14 (show abyssal rune of Zot)


Innate Abilities, Weirdness & Mutations

You are a living statue of rough stone.
Your actions are slow, but your melee attacks are powerful.
You are resistant to unholy torment.
Your maximum health is greatly increased.
Your equipment is partially melded.
((You can breathe blasts of noxious fumes.))
((Your lurid green scales are hard. (AC +10)))
You cannot fit into any form of body armour.
Your tail ends in a poisonous barb.
Your system is resistant to poisons. (rPois)
You are cold-blooded and may be slowed by cold attacks.


Message History

Press: ? - help, Q - select action, (/) - cycle Shift-Dir - straight line, f/p - orc warlord
Aim: an orc warlord, wielding a +3 battleaxe and wearing a +2 plate armour of cold resistance (severely wounded, poisoned, haloed, 90% to hit)
The iron shot hits the orc warlord!!
You kill the orc warlord!
The vault sentinel blows a loud note on a signal horn!
The deep troll barely misses you.
You riposte.
You hit the deep troll. You burn the deep troll.
The deep troll is lightly wounded.
The deep troll barely misses you. The deep troll claws you!
* * * LOW HITPOINT WARNING * * *
The vault sentinel blows a loud note on a signal horn!
A yaktaur captain comes into view.
The vault sentinel blows a loud note on a signal horn!
The deep troll completely misses you.
The deep troll claws you but does no damage.
The deep troll closely misses you.
Your magical contamination has completely faded away.
The ironbound convoker gestures at the deep troll while chanting.
The deep troll seems to grow stronger.
You block the deep troll's attack. The deep troll misses you.
The deep troll claws you!
* * * LOW HITPOINT WARNING * * *
The deep troll bites you but does no damage.
The deep troll barely misses you.
The deep troll claws you but does no damage.
There is a gate leading back out of this place here.
The deep troll misses you. The deep troll closely misses you.
The deep troll claws you.
* * * LOW HITPOINT WARNING * * *
The deep troll bites you but does no damage.
The deep troll claws you but does no damage.
The deep troll claws you!
* * * LOW HITPOINT WARNING * * *
The deep troll bites you!
* * * LOW HITPOINT WARNING * * *
The deep troll claws you but does no damage. x2
The ironbound preserver mumbles some strange words.
The ironbound preserver begins to accept its allies' injuries.
The deep troll bites you but does no damage.
The deep troll completely misses you. The deep troll claws you!
You die...

########### #.........#
#.....8T..# #####
#.....TT..# #...#
#.....p...# #...#
#.....T...# ####...#
#.........# #......#
########p#######....#.#
#...##)##...##......#
#...##c##...###'#...'
#.....pc....#...#..p#


You could see an ironbound preserver, a yaktaur captain (sheltered), 4 deep
trolls and an ironbound convoker (sheltered).

Vanquished Creatures
  the Lernaean hydra (Swamp:4)
  Nikola (Swamp:1)
  Rupert (D:14)
  Asterion (Spider:2)
  A tentacled monstrosity (Swamp:4)
  Frances (Spider:2)
  Donald (Spider:1)
  Agnes (D:15)
  2 thorn hunters
  2 azure jellies (IceCv)
  3 orc warlords
  A vault warden (Vaults:1)
  3 ghost moths
  4 emperor scorpions
  5 ironbound preservers (Vaults:1)
  2 quicksilver oozes (IceCv)
  4 very ugly things (Vaults:1)
  4 entropy weavers
  Azrael (Spider:2)
  A bunyip (shapeshifter) (Vaults:1)
  7 bunyips
  2 spark wasps (Spider:4)
  2 eleionomae
  24 hydras
  6 boulder beetles
  2 shambling mangroves (Swamp:3)
  A great orb of eyes (D:15)
  Josephine (Spider:1)
  A spriggan air mage (Swamp:2)
  2 ghost crabs
  An ironbound thunderhulk (Vaults:1)
  14 centaur warriors
  A merfolk avatar (Lair:6)
  Erica (D:7)
  An ironbound frostheart (Vaults:1)
  A catoblepas (Lair:6)
  3 alligators
  3 tengu warriors
  3 two-headed ogres
  An ironbound beastmaster (Vaults:1)
  4 orc high priests
  2 spriggan berserkers (Swamp:2)
  4 death yaks (Lair:6)
  Urug (D:11)
  Nergalle (D:11)
  3 skeletal warriors (D:12)
  5 goliath frogs
  5 spriggan druids
  A lindwurm (Vaults:1)
  2 ironbound convokers (Vaults:1)
  7 deep trolls (Vaults:1)
  9 swamp dragons
  6 harpies
  10 bog bodies
  24 orb spiders
  A wizard (D:14)
  Pikel (D:4)
  12 orc knights
  3 deep elf pyromancers
  35 wolf spiders
  An oklob plant (Lair:5)
  The ghost of Gabide the Insei, a novice HuAr of Ashenzari (D:5)
  A cyclops (shapeshifter) (D:15)
  3 will-o-the-wisps
  18 ugly things
  5 cyclopes
  2 orc sorcerers
  An ice statue (IceCv)
  10 elephants
  3 black mambas
  3 torpor snails
  11 cane toads
  2 moths of wrath
  4 centaur zombies
  A guardian serpent (Lair:1)
  A gargoyle (D:9)
  Psyche (D:11)
  10 komodo dragons
  6 yaktaurs (Vaults:1)
  A kobold demonologist (D:8)
  An unseen horror (shapeshifter) (D:15)
  2 efreet (D:9)
  18 demonic crawlers
  A rime drake (Lair:4)
  An entropy weaver simulacrum (IceCv)
  2 tengu conjurers
  4 meliai
  20 hornets
  13 trolls
  3 wind drakes (Lair:6)
  44 jumping spiders
  2 bloated husks
  12 tyrant leeches
  A polar bear (Lair:6)
  Grinder (D:3)
  15 blink frogs
  32 slime creatures
  16 dream sheep
  8 wyverns
  Sigmund (D:5)
  48 redbacks
  10 wraiths
  18 spriggans
  41 yaks
  A fire elemental (Spider:2)
  34 tarantellas
  15 humans
  Eustachio (D:5)
  4 basilisks
  21 vampire mosquitoes
  2 steam dragons
  Menkaure (Ossuary)
  10 swamp worms
  3 demonic crawler simulacra (IceCv)
  9 wargs
  18 water moccasins
  3 hell hounds (Spider:2)
  An acid dragon (D:11)
  Duvessa (D:6)
  9 swamp drakes
  A black bear (D:6)
  2 necrophages
  39 orc warriors
  3 ice beasts
  2 ugly thing simulacra (IceCv)
  2 boggarts (Vaults:1)
  A hornet zombie (D:6)
  A sky beast (D:6)
  4 wolves (Lair:6)
  10 ogres
  6 centaurs
  A phantom (D:5)
  3 kobold brigands
  3 lemures (D:4)
  A glowing shapeshifter simulacrum (IceCv)
  13 bullfrogs
  A gnoll sergeant (D:7)
  6 scorpions
  Dowan (D:6)
  2 howler monkeys (D:13)
  2 electric eels
  A bullfrog zombie (D:5)
  3 jellies (D:6)
  2 hounds
  13 orc priests
  A gnoll shaman (Orc:1)
  Ijyb (D:3)
  An iguana (D:5)
  35 orc wizards
  A scorpion zombie (D:5)
  A hound skeleton (D:5)
  A hound zombie (D:5)
  3 mummies (Ossuary)
  3 howler monkey zombies
  5 adders
  19 gnolls
  3 white imps
  An ufetubus (D:4)
  8 worms
  3 dart slugs
  69 orcs
  5 endoplasms
  6 giant cockroaches
  3 gnoll zombies (Ossuary)
  4 hobgoblins
  2 jackals (D:2)
  10 kobolds
  3 quokkas
  7 ball pythons
  5 bats
  3 frilled lizards
  4 gnoll skeletons (Ossuary)
  8 goblins
  A goblin skeleton (Ossuary)
  3 goblin zombies (Ossuary)
  3 hobgoblin skeletons (Ossuary)
  9 hobgoblin zombies (Ossuary)
  6 kobold skeletons (Ossuary)
  3 kobold zombies (Ossuary)
  An orc skeleton (Ossuary)
  4 orc zombies (Ossuary)
  10 rats
  10 rat skeletons (Ossuary)
  3 rat zombies (Ossuary)
1176 creatures vanquished.

Vanquished Creatures (collateral kills)
  A shambling mangrove (Swamp:4)
  A centaur warrior (D:14)
  A swamp dragon (Swamp:4)
  A deep troll (Vaults:1)
  2 wolf spiders (Spider:1)
  A moth of wrath (Spider:4)
  A demonic crawler (Spider:1)
  A hornet (Swamp:4)
  A human (D:14)
  A spriggan (Swamp:4)
11 creatures vanquished.

Vanquished Creatures (others)
  A swamp dragon (Swamp:4)
  A wolf spider (Spider:1)
  2 hornets (Spider:4)
  A bloated husk (Swamp:4)
  3 demonic crawler simulacra (IceCv)
  A glowing shapeshifter simulacrum (IceCv)
  2 foxfires (Swamp:4)
  55 fungi
  44 plants
110 creatures vanquished.

Grand Total: 1297 creatures vanquished

Notes
Turn   | Place    | Note
-------+----------+-------------------------------------------
     0 | D:1      | Elvor the Draconian Conjurer began the quest for the Orb.
     0 | D:1      | Reached XP level 1. HP: 14/14 MP: 3/3
   377 | D:1      | Reached XP level 2. HP: 18/20 MP: 3/5
   386 | D:1      | Learned a level 2 spell: Searing Ray
   464 | D:1      | Found a faded altar of an unknown god.
  1064 | D:2      | Reached skill level 1 in Fighting
  1064 | D:2      | Reached XP level 3. HP: 13/28 MP: 2/6
  1113 | D:2      | Reached XP level 4. HP: 22/35 MP: 2/7
  1135 | D:2      | Reached skill level 5 in Conjurations
  1283 | D:2      | Learned a level 4 spell: Iskenderun's Mystic Blast
  1885 | D:3      | Noticed Grinder
  1936 | D:3      | Noticed Ijyb
  1942 | D:3      | Reached XP level 5. HP: 41/41 MP: 4/8
  1947 | D:3      | Reached skill level 2 in Fighting
  1960 | D:3      | Killed Ijyb
  1993 | D:3      | Killed Grinder
  1994 | D:3      | Reached XP level 6. HP: 26/50 MP: 5/10
  2893 | D:4      | Reached skill level 3 in Fighting
  2904 | D:4      | Noticed Pikel
  2914 | D:4      | Your scales start taking on a lurid green colour.
  2914 | D:4      | Reached XP level 7. HP: 57/57 MP: 8/12
  2914 | D:4      | Gained mutation: Your system is resistant to poisons.
                  | (rPois) [Green Draconian growth]
  3017 | D:4      | Killed Pikel
  3018 | D:4      | Reached skill level 4 in Fighting
  3018 | D:4      | Reached skill level 1 in Evocations
  3146 | D:4      | Reached XP level 8. HP: 61/66 MP: 10/14
  3223 | D:5      | Entered Level 5 of the Dungeon
  3255 | D:5      | Noticed Eustachio
  3263 | D:5      | Killed Eustachio
  3264 | D:5      | Reached skill level 1 in Short Blades
  3280 | D:5      | Found Maytop's Book Emporium.
  3284 | D:5      | Got Dispater's Handbook of Earthen Conjuration
  3341 | D:5      | Reached skill level 5 in Spellcasting
  3348 | D:5      | Found a runed translucent door.
  3348 | D:5      | Noticed a hornet
  3349 | D:5      | Noticed Gabide's ghost (novice HuAr)
  3368 | D:5      | Killed a hornet
  3372 | D:5      | Killed Gabide's ghost
  3373 | D:5      | Reached skill level 5 in Fighting
  3740 | D:5      | Reached XP level 9. HP: 74/74 MP: 17/17
  3999 | D:5      | Noticed Sigmund
  4013 | D:5      | Killed Sigmund
  4229 | D:6      | Reached skill level 6 in Fighting
  4229 | D:6      | Reached skill level 1 in Throwing
  4375 | D:6      | Learned a level 2 spell: Passwall
  4379 | D:6      | Learned a level 3 spell: Swiftness
  4477 | D:6      | Learned a level 3 spell: Stone Arrow
  4665 | D:7      | Noticed Duvessa
  4665 | D:7      | Noticed Dowan
  4709 | D:7      | Found a sand-covered staircase.
  4720 | Ossuary  | Entered an ossuary
  4986 | Ossuary  | Noticed Menkaure
  4990 | Ossuary  | Killed Menkaure
  5117 | D:7      | Noticed a komodo dragon
  5131 | D:7      | Killed a komodo dragon
  5132 | D:7      | Reached XP level 10. HP: 75/84 MP: 20/20
  5144 | D:7      | Reached skill level 7 in Fighting
  5240 | D:6      | Killed Dowan
  5241 | D:6      | Reached skill level 5 in Dodging
  5306 | D:6      | Killed Duvessa
  5404 | D:7      | Found a staircase to the Ecumenical Temple.
  5429 | Temple   | Entered the Ecumenical Temple
  5445 | Temple   | Became a worshipper of the Shining One
  5570 | D:7      | Found a shimmering blue altar of Sif Muna.
  5575 | D:7      | Found an iron altar of Okawaru.
  5581 | D:7      | Found a basalt altar of Yredelemnul.
  5685 | D:8      | Noticed Erica
  5719 | D:7      | Killed Erica
  5720 | D:7      | Reached skill level 1 in Earth Magic
  5943 | D:8      | Reached skill level 8 in Fighting
  5973 | D:8      | Found a white marble altar of Elyvilon.
  5984 | D:8      | Reached * piety under the Shining One
  6082 | D:8      | Found an ornate altar of the Wu Jian Council.
  6082 | D:8      | Found a snail-covered altar of Cheibriados.
  6082 | D:8      | Found a hide-covered altar of Uskayaw.
  6086 | D:8      | Found a bloodstained altar of Trog.
  6088 | D:8      | Found a sacrificial altar of Ru.
  6242 | D:8      | Reached skill level 1 in Long Blades
  6364 | D:9      | Found Utaekk's General Store.
  6387 | D:9      | Bought a scroll of teleportation for 33 gold pieces
  6387 | D:9      | Bought a scroll of identify for 22 gold pieces
  6387 | D:9      | Bought a scroll of identify for 22 gold pieces
  6387 | D:9      | Bought 2 curare-tipped darts for 13 gold pieces
  6467 | D:9      | Found Bogeych's Magic Scroll Shop.
  6471 | D:9      | Bought a scroll of fog for 24 gold pieces
  6471 | D:9      | Bought a scroll of identify for 24 gold pieces
  6471 | D:9      | Bought a scroll of identify for 24 gold pieces
  6471 | D:9      | Bought a scroll of teleportation for 36 gold pieces
  6471 | D:9      | Bought a scroll of identify for 24 gold pieces
  6471 | D:9      | Bought a scroll of identify for 24 gold pieces
  6614 | D:9      | Found Unurill's Magic Scroll Shop.
  6701 | D:9      | Found a staircase to the Orcish Mines.
  6706 | D:9      | Noticed a centaur warrior
  6722 | D:9      | Killed a centaur warrior
  6723 | D:9      | Reached XP level 11. HP: 66/95 MP: 23/23
  6746 | D:9      | Noticed a two-headed ogre
  6770 | D:9      | Killed a two-headed ogre
  6981 | D:9      | Found Bink's Antique Armour Shoppe.
  7055 | D:9      | Noticed a centaur warrior
  7055 | D:9      | Noticed a five-headed hydra
  7055 | D:9      | Noticed a tengu warrior
  7080 | D:9      | The Shining One protects you from harm!
  7084 | D:9      | Reached ** piety under the Shining One
  7086 | D:9      | HP: 3/95 [centaur warrior (4)]
  7086 | D:9      | HP: 1/95 [centaur warrior (2)]
  7515 | D:9      | Killed a centaur warrior
  7555 | D:9      | Reached skill level 9 in Fighting
  7608 | D:9      | Noticed a centaur warrior
  7624 | D:9      | Killed a tengu warrior
  7885 | D:9      | Killed a centaur warrior
  7886 | D:9      | Reached skill level 10 in Conjurations
  7926 | D:9      | Found Zuzifeac's Armour Shop.
  7934 | D:9      | Bought a +0 buckler of protection for 149 gold pieces
  7935 | D:9      | Noticed a centaur warrior
  7946 | D:9      | Killed a centaur warrior
  8045 | D:9      | Bought a scroll of fog for 30 gold pieces
  8045 | D:9      | Bought a scroll of teleportation for 45 gold pieces
  8085 | D:9      | Bought a +0 pair of boots for 49 gold pieces
  8248 | D:10     | Entered Level 10 of the Dungeon
  8326 | D:10     | Reached skill level 1 in Shields
  8346 | D:10     | Found a staircase to the Lair.
  8614 | D:10     | Reached XP level 12. HP: 105/105 MP: 25/25
  8836 | D:10     | Got the Disquisition on the Earthen Birds
  9348 | Lair:1   | Entered Level 1 of the Lair of Beasts
  9510 | Lair:1   | Noticed a boulder beetle
  9523 | Lair:1   | Killed a boulder beetle
  9524 | Lair:1   | Reached skill level 10 in Fighting
  9558 | Lair:1   | Found the +3 pair of seven-league boots {Rampage+∞}
  9558 | Lair:1   | Noticed a boulder beetle
  9577 | Lair:1   | Killed a boulder beetle
 10110 | Lair:2   | Reached skill level 5 in Earth Magic
 10333 | Lair:2   | Found a hole to the Spider Nest.
 10851 | Lair:3   | Reached *** piety under the Shining One
 10868 | Lair:3   | Reached skill level 10 in Spellcasting
 10911 | Lair:3   | Found a staircase to the Swamp.
 11067 | Lair:3   | Reached XP level 13. HP: 114/114 MP: 27/27
 11258 | Lair:3   | Reached skill level 5 in Shields
 11533 | Lair:4   | Found a frozen archway.
 11542 | IceCv    | Entered an ice cave
 11900 | IceCv    | Reached **** piety under the Shining One
 12353 | IceCv    | Noticed a quicksilver ooze
 12365 | IceCv    | Killed a quicksilver ooze
 12366 | IceCv    | Reached skill level 11 in Fighting
 12883 | IceCv    | Noticed a quicksilver ooze
 12887 | IceCv    | Killed a quicksilver ooze
 12888 | IceCv    | Reached skill level 1 in Air Magic
 12897 | IceCv    | Found a viscous altar of Jiyva.
 12897 | IceCv    | Noticed an azure jelly
 12937 | IceCv    | Killed an azure jelly
 13125 | IceCv    | Noticed an azure jelly
 13133 | IceCv    | Killed an azure jelly
 13188 | IceCv    | Got Sif Muna's Handbook of the Glacier
 13192 | IceCv    | Got the ring "Waleiz" {Ice Will+ Str-2 Dex+2 SInv}
 14004 | Lair:5   | Found a staircase to the Slime Pits.
 14121 | Lair:5   | Gained mutation: Your tail ends in a poisonous barb. [Green
                  | Draconian growth]
 14121 | Lair:5   | Reached XP level 14. HP: 88/125 MP: 13/28
 14484 | Lair:5   | Learned a level 5 spell: Iskenderun's Battlesphere
 14505 | Lair:5   | Reached skill level 12 in Fighting
 14618 | Lair:6   | Entered Level 6 of the Lair of Beasts
 14884 | Lair:6   | Reached ***** piety under the Shining One
 14922 | Lair:6   | Reached skill level 5 in Long Blades
 14971 | Lair:6   | HP: 1/127 [six-headed hydra (13)]
 14980 | Lair:6   | HP: 3/127 [harpy (8)]
 15857 | Lair:6   | Reached skill level 5 in Throwing
 15901 | Lair:6   | Found the ring of the Octopus King
 15922 | Lair:6   | Identified the +10 whip "Hydrabane" {vorpal, Fragile rPois
                  | Str+3 Dex+2}
 15925 | Lair:6   | Identified a ring of the Octopus King {rN+ AC+1 EV+1 Str+1
                  | Int+1 Dex+1}
 16241 | D:9      | Bought a scroll of acquirement for 624 gold pieces
 16241 | D:9      | Acquired the Disquisition on Arcane Weapons
 16250 | D:9      | Learned a level 6 spell: Iron Shot
 16256 | D:9      | Learned a level 5 spell: Lightning Bolt
 16262 | D:9      | Learned a level 5 spell: Fireball
 16391 | Orc:1    | Entered Level 1 of the Orcish Mines
 16391 | Orc:1    | Found Yguni's Gadget Gallery.
 16612 | Orc:1    | Found Daog's Antique Armour Emporium.
 16643 | Orc:1    | Found Feomm's Antique Armour Boutique.
 16710 | Orc:1    | Found Birum's Antique Armour Boutique.
 16969 | Orc:2    | Entered Level 2 of the Orcish Mines
 16969 | Orc:2    | Found Erhuthrim's Weapon Shop.
 17102 | Orc:2    | Reached skill level 13 in Fighting
 17159 | Orc:2    | Found Fylaoq's Jewellery Emporium.
 17294 | Orc:2    | Found a staircase to the Elven Halls.
 17321 | Orc:2    | Found Pipnuk's Antique Armour Emporium.
 17411 | Orc:2    | Reached XP level 15. HP: 88/135 MP: 17/30
 17415 | Orc:2    | Found Yraprek's General Store.
 17433 | Orc:2    | Noticed an orc warlord
 17446 | Orc:2    | Killed an orc warlord
 17464 | Orc:2    | Bought a scroll of teleportation for 33 gold pieces
 17580 | Orc:2    | Found Muppielu's Antique Weapon Boutique.
 17868 | Orc:2    | Bought the ring of Xom's Entertainment {rF+ Str+6 Int+7
                  | Dex-3 Stlth+} for 1171 gold pieces
 18001 | D:11     | Found Fyrgh's Book Shop.
 18085 | D:11     | Noticed Psyche
 18099 | D:11     | Killed Psyche
 18100 | D:11     | Noticed Nergalle
 18104 | D:11     | Killed Nergalle
 18147 | D:11     | Found a transporter.
 18305 | D:11     | Noticed Urug
 18313 | D:11     | Killed Urug
 18425 | D:11     | Found a transporter.
 18425 | D:11     | Found the +1 cloak of Starlight {*Dazzle EV+4 Stlth--}
 18749 | D:12     | Reached skill level 1 in Translocations
 19072 | D:12     | Reached ****** piety under the Shining One
 19647 | D:13     | Found a gate leading to a gauntlet.
 20429 | D:14     | Noticed Rupert
 20429 | D:14     | Found a gate to the Vaults.
 20455 | D:14     | You fall into a shaft and drop 1 floor!
 20455 | D:15     | Entered Level 15 of the Dungeon
 21370 | D:15     | Reached skill level 5 in Evocations
 21535 | D:15     | Found a staircase to the Depths.
 21705 | D:14     | Noticed Agnes
 21710 | D:15     | Killed Agnes
 22496 | D:14     | Paralysed by Rupert for 5 turns
 22780 | D:14     | Found a portal to a secret trove of treasure.
 22942 | D:14     | Reached XP level 16. HP: 136/145 MP: 9/32
 23309 | D:14     | Killed Rupert
 23524 | D:14     | Reached skill level 14 in Fighting
 23637 | D:11     | Reached skill level 1 in Invocations
 24143 | Orc:2    | Bought a pair of spiked boots for 294 gold pieces
 24143 | Orc:2    | Identified the +1 pair of boots of the Boiling Point {rN+
                  | Str+4 Stlth+} (You bought it in a shop on level 2 of the
                  | Orcish Mines)
 24327 | Spider:1 | Entered Level 1 of the Spider Nest
 24431 | Spider:1 | Reached skill level 1 in Transmutations
 24434 | Spider:1 | Reached skill level 1 in Fire Magic
 24441 | Spider:1 | Noticed Donald
 24835 | Spider:1 | Identified the +5 morningstar "Tostry" {vamp, rC+}
 24844 | Spider:1 | Killed Donald
 25277 | Spider:1 | Noticed Josephine
 25286 | Spider:1 | Killed Josephine
 25733 | Spider:2 | Noticed Asterion
 25791 | Spider:2 | Killed Asterion
 26105 | Spider:2 | Noticed Frances
 26123 | Spider:2 | Killed Frances
 26308 | Spider:2 | Noticed Azrael
 26315 | Spider:2 | Killed Azrael
 26783 | Spider:3 | Reached XP level 17. HP: 56/154 MP: 9/34
 26796 | Spider:3 | Reached skill level 10 in Earth Magic
 27675 | Spider:4 | Entered Level 4 of the Spider Nest
 28133 | Spider:4 | Reached skill level 15 in Fighting
 28674 | Spider:4 | Learned a level 6 spell: Statue Form
 29380 | Spider:4 | Got a gossamer rune of Zot
 29753 | Swamp:1  | Entered Level 1 of the Swamp
 29853 | Swamp:1  | Noticed Nikola
 30286 | Swamp:1  | Killed Nikola
 30365 | Swamp:1  | Reached XP level 18. HP: 144/163 MP: 16/36
 30796 | Swamp:2  | Identified the +6 spear "Beastslayer" {freeze, Fly Dex+2}
 32096 | Swamp:2  | Identified the +0 robe of the Engineer {Fly}
 32472 | Swamp:4  | Entered Level 4 of the Swamp
 32554 | Swamp:4  | Reached skill level 16 in Fighting
 32925 | Swamp:4  | Noticed a tentacled monstrosity
 32934 | Swamp:4  | Killed a tentacled monstrosity
 33158 | Swamp:4  | Noticed the 27-headed Lernaean hydra
 33398 | Swamp:4  | Reached skill level 15 in Conjurations
 33587 | Swamp:4  | Killed the 27-headed Lernaean hydra
 33602 | Swamp:4  | Got a decaying rune of Zot
 33843 | Vaults:1 | Entered Level 1 of the Vaults
 33962 | Vaults:1 | Reached skill level 15 in Spellcasting
 34029 | Vaults:1 | Reached XP level 19. HP: 174/174 MP: 27/38
 34259 | Vaults:1 | HP: 11/226 [deep troll[an ironbound preserver] (11)]
 34259 | Vaults:1 | HP: 1/226 [deep troll[an ironbound preserver] (10)]
 34259 | Vaults:1 | Mangled by a deep troll

Illustrated notes

Levels and vault maps discovered:
D:1:      giann_horns, layout_loops_corners, ebering_ecumenical_altar_abandoned
D:2:      layout_basic
D:3:      layout_basic, minmay_tree_intersection, uniq_ijyb, uniq_grinder
D:4:      layout_cave_pools, minmay_misc_feat_four_crosses,
          grunt_decor_resistance, uniq_pikel
D:5:      layout_basic, ebering_ghost_inner_flame, nicolae_take_the_stairs,
          uniq_sigmund, uniq_eustachio
D:6:      layout_rooms
D:7:      layout_rooms, minmay_overflow_temple_star_quad,
          minmay_temple_entry_mini_moons, nicolae_ossuary_entry_monument,
          uniq_duvessa
D:8:      layout_cave_pools, minitemple, uniq_erica
D:9:      layout_roguey, david_orc_1_choice, serial_shops, shop,
          kennysheep_little_box, shop_statue, nicolae_shop_stone, shop_coins,
          minivault_28
D:10:     layout_stronghold, erik_lair_orcish_takeover, item_on_display_a
D:11:     gammafunk_beogh_shrine, layout_small_grid, serial_shops,
          nicolae_shop_waterfront, kennysheep_nondescript, uniq_psyche,
          uniq_urug, uniq_nergalle
D:12:     layout_small_grid, serial_rivers, chequers_serial_rivers_small_b,
          chequers_serial_rivers_micro_b, chequers_serial_rivers_small_b,
          chequers_serial_rivers_micro_e, chequers_serial_rivers_large_a
D:13:     layout_basic, gauntlet_entry_generic
D:14:     layout_basic, david_vaults_3, enter_trove_3, lightli_corner_chamber,
          uniq_agnes
D:15:     gammafunk_enter_depths_forms, layout_stronghold
Temple:   dshaligram_water_room_temple
Lair:1:   layout_misc_corridors, hellmonk_guarded_unrand_seven_league_boots
Lair:2:   layout_gridlike, nicolae_spider_entry_non_spiders
Lair:3:   layout_cave_pods, skrybe_swamp_entry_bodies,
          infiniplex_staircase_pool_2
Lair:4:   layout_small_grid, portal_ice_cave_entry_pillars_2
Lair:5:   layout_loops_ring, minmay_slime_entry_oklob_enclosed,
          grunt_megastairs_5
Lair:6:   gammafunk_lair_ancient_temple, layout_hall_layers, patterned_corridor
Swamp:1:  layout_basic_swamp, evilmike_swamp_ruin_house_4, uniq_nikola
Swamp:2:  nicolae_swamp_secret_spriggan_hideout, layout_basic_swamp,
          nicolae_swamp_trees_clearing
Swamp:3:  layout_basic_swamp, nicolae_swamp_fairy_circle, swamp_pool1,
          infiniplex_staircase_pool
Swamp:4:  grunt_swamp_rune_castle, layout_basic_swamp
Spider:1: layout_spider_delve, uniq_josephine, uniq_donald
Spider:2: layout_spider_delve, nicolae_spider_eight_legs, uniq_frances,
          uniq_asterion, uniq_azrael
Spider:3: layout_spider_delve, nicolae_spider_bug_shape
Spider:4: spider_rune_water, nicolae_spider_swamp_cousins
Orc:1:    layout_caves, serial_shops, shop, nicolae_shop_crystal,
          nicolae_shop_behind_doors, nicolae_shop_gadgets
Orc:2:    grunt_orc_gardens, layout_caves, grunt_orc_garden, grunt_orc_garden,
          grunt_orc_garden, grunt_orc_garden, serial_shops, nicolae_diamond_shop
Vaults:1: v_misc_24, grunt_vaults_diagonal, v_misc_18,
          hangedman_vaults_restitches, nicolae_vaults_network_quincunx
          [nicolae_vaults_network_quincunx_subvault,
          nicolae_vaults_network_quincunx_subvault,
          nicolae_vaults_network_quincunx_subvault,
          nicolae_vaults_network_quincunx_subvault,
          nicolae_vaults_network_quincunx_subvault], hangedman_vaults_locks,
          v_misc_19, ontoclasm_vaults_shuriken, hangedman_vaults_stream,
          ontoclasm_vaults_hangar, v_pattern_2, ontoclasm_vaults_loading_screen,
          layout_vaults_big_cross, serial_shops, nicolae_lakefront_shop

Skill      XL: |  1  2  3  4  5  6  7  8  9 10 11 12 13 14 15 16 17 18 |
---------------+-------------------------------------------------------+-----
Dodging        | 2 3 4 5 6 7 8 9 |  9.5
Fighting       | 1 2 3 4 5 6 8 9 10 11 13 14 15 16 | 16.7
Stealth        | 2 3 4 |  4.8
Conjurations   | 5 6 7 8 9 10 11 12 13 14 15 | 15.2
Spellcasting   | 3 4 5 7 8 9 10 11 12 13 14 15 | 15.0
Evocations     | 1 2 3 4 5 |  5.8
Short Blades   | 1 2 |  2.5
Throwing       | 2 3 4 5 6 |  6.4
Earth Magic    | 2 4 5 6 7 8 9 10 11 | 11.9
Long Blades    | 1 2 3 4 5 7 8 9 |  9.9
Shields        | 1 4 5 6 7 |  7.7
Air Magic      | 1 2 |  2.9
Translocations | 1 2 3 |  3.5
Invocations    | 1 |  1.5
Transmutations | 1 2 3 |  3.2
Fire Magic     | 1 |  1.9

Action                   |  1- 3 |  4- 6 |  7- 9 | 10-12 | 13-15 | 16-18 | 19-21 || total
-------------------------+-------+-------+-------+-------+-------+-------+-------++-------
Melee: Unarmed           |    15 |       |       |       |       |       |       ||    15
       Dagger            |    10 |       |    34 |     1 |       |       |       ||    45
       Tailslap          |     4 |       |     2 |     7 |    38 |    57 |     5 ||   113
       Short sword       |     7 |     8 |       |       |       |       |       ||    15
       Scimitar          |       |       |       |    20 |   231 |   363 |     6 ||   620
Throw: Stone             |     1 |       |       |       |       |       |       ||     1
       Dart              |       |       |    13 |    53 |   110 |    25 |    12 ||   213
       Throwing net      |       |       |     3 |       |       |       |       ||     3
       Boomerang         |       |       |       |     1 |     4 |       |       ||     5
       Javelin           |       |       |       |       |     2 |       |       ||     2
 Cast: Magic Dart        |    28 |    52 |    14 |     7 |    64 |    11 |       ||   176
       Searing Ray       |     5 |    16 |    73 |    77 |    29 |     5 |       ||   205
       Swiftness         |       |       |     1 |     2 |     4 |     2 |       ||     9
       Stone Arrow       |       |       |       |   140 |   473 |   216 |     1 ||   830
       Iskenderun's Myst |       |       |       |    13 |    28 |    71 |    13 ||   125
       Fireball          |       |       |       |       |    23 |    30 |     3 ||    56
       Iron Shot         |       |       |       |       |    21 |   219 |     8 ||   248
       Iskenderun's Batt |       |       |       |       |    16 |    12 |       ||    28
       Lightning Bolt    |       |       |       |       |    23 |    22 |     7 ||    52
       Passwall          |       |       |       |       |     1 |     7 |       ||     8
       Statue Form       |       |       |       |       |       |    41 |     3 ||    44
Invok: Divine Shield     |       |       |       |       |     5 |     3 |       ||     8
       Cleansing Flame   |       |       |       |       |       |     1 |       ||     1
 Abil: Breathe Noxious F |       |       |     7 |    40 |    59 |    30 |     1 ||   137
Evoke: Wand              |       |     3 |     4 |    27 |    69 |    54 |     7 ||   164
       Phantom mirror    |       |       |       |       |       |     5 |     1 ||     6
       Tin of tremorston |       |       |       |       |       |     1 |     2 ||     3
  Use: Scroll            |       |       |     8 |    15 |    12 |     7 |       ||    42
       Potion            |       |       |       |     3 |     3 |     5 |       ||    11
Armor: Skin              |    10 |     9 |    40 |    52 |   218 |   543 |    76 ||   948
Dodge: Dodged            |    46 |    16 |    66 |   107 |   344 |   822 |    87 ||  1488
Block: Buckler           |       |       |       |     7 |   135 |   222 |    28 ||   392
       Rpst.: Scimitar   |       |       |       |    25 |    83 |   132 |    15 ||   255
